 Dungeon Crawl Stone Soup version 0.27-a0-54-g64bdb92e38 (webtiles) character file.

Game seed: 15408065549802178822

81 Borgoz the Skirmisher (level 4, 0/43 HPs)
             Began as a Gargoyle Berserker on Jan 7, 2021.
             Was a Believer of Trog.
             Slain by Terence
             ... wielding a +4 short sword of speed
              (10 damage)
             ... on level 2 of the Dungeon.
             The game lasted 00:03:24 (2596 turns).

Borgoz the Skirmisher (Gargoyle Berserker)          Turns: 2596, Time: 00:03:25

Health: 0/43       AC:  5    Str: 21    XL:     4   Next: 42%
Magic:  4/4        EV: 12    Int:  8    God:    Trog [**....]
Gold:   70         SH:  3    Dex:  9    Spells: 3/3 levels left

rFire    . . .     SeeInvis .   a - +0 falchion
rCold    . . .     Faith    .   d - +0 buckler
rNeg     + . .     Spirit   .   b - +0 animal skin
rPois    ∞         Reflect  .   (no helmet)
rElec    +         Harm     .   (no cloak)
rCorr    .         Rampage  .   (no gloves)
Will     .....                  (no boots)
Stlth    ..........             (no amulet)
HPRegen  0.14/turn              (no ring)
MPRegen  0.09/turn              (no ring)

@: berserking, very quick
A: negative energy resistance 1, electricity resistance, unbreathing,
petrification resistance, miasma immunity, AC +3
a: Renounce Religion, Berserk, Trog's Hand


You were on level 2 of the Dungeon.
You worshipped Trog.
Trog was pleased with you.
You visited 1 branch of the dungeon, and saw 3 of its levels.

You collected 70 gold pieces.

Inventory:

Hand Weapons
 a - a +0 falchion (weapon)
Armour
 b - a +0 animal skin (worn)
 d - a +0 buckler (worn)
Scrolls
 c - a scroll of remove curse
 e - a scroll of identify
 h - 2 scrolls of fear {unknown}
Potions
 g - a potion of curing
 i - a potion of mutation
 j - a potion of magic
 k - a potion of ambrosia


   Skills:
 + Level 3.7 Fighting
 * Level 3.3 Long Blades
 + Level 2.6 Armour
 * Level 2.4 Dodging
 + Level 1.2 Shields


You had 3 spell levels left.
You didn't know any spells.
Your spell library was empty.

Dungeon Overview and Level Annotations

Branches:
Dungeon (3/15)

Altars:
Ashenzari
Gozag
Kikubaaqudgha
Nemelex Xobeh
Ru

Annotations:
D:2 Jessica, Terence


Innate Abilities, Weirdness & Mutations

You are resistant to torment.
Your stone body is resilient. (AC +3)
You are immune to poison.
You resist negative energy. (rN+)
You are resistant to electric shocks. (rElec)
You can survive without breathing.
You are immune to petrification.
You are immune to miasma.


Message History

You are too injured to fight recklessly!
You barely miss Terence.
Terence is severely wounded.
You block Terence's attack.
Terence hits you with a +4 short sword of speed.
You hit Terence.
Terence is severely wounded.
Terence misses you.
You riposte.
You barely miss Terence.
Terence is severely wounded.
You barely miss Terence.
Terence is severely wounded.
You block Terence's attack.
A red film seems to cover your vision as you go berserk!
You feel yourself moving faster!
You feel mighty! You block Terence's attack.
Terence hits you with a +4 short sword of speed.
* * * LOW HITPOINT WARNING * * *
You hit Terence but do no damage.
Terence is severely wounded.
Terence hits you with a +4 short sword of speed!
You die...

#.#
#.#
#.###
#...#
#)#.#
###.#
#.#
#.#
#@#
#@#
#.#
#.#
#.#
#.#
#.#
#.#


You could see Terence (strong).

Vanquished Creatures
  2 adders (D:2)
  2 worms (D:2)
  A dart slug (D:1)
  2 leopard geckos
  A ball python (D:1)
  A giant cockroach (D:2)
  7 goblins
  5 hobgoblins
  3 jackals (D:3)
  8 bats
  A frilled lizard (D:1)
  11 kobolds
  A leopard gecko zombie (D:3)
  10 rats
55 creatures vanquished.

Notes
Turn   | Place    | Note
-------+----------+-------------------------------------------
     0 | D:1      | Borgoz the Gargoyle Berserker began the quest for the Orb.
     0 | D:1      | Reached XP level 1. HP: 14/14 MP: 1/1
   236 | D:1      | Reached XP level 2. HP: 19/19 MP: 2/2
   877 | D:1      | Reached ** piety under Trog
  1042 | D:1      | Reached XP level 3. HP: 23/23 MP: 3/3
  1450 | D:2      | Found a sparkling altar of Nemelex Xobeh.
  1772 | D:2      | Found a sacrificial altar of Ru.
  1941 | D:2      | Found an ancient bone altar of Kikubaaqudgha.
  1941 | D:2      | Noticed Jessica
  2065 | D:3      | Found a broken altar of Ashenzari.
  2113 | D:3      | Reached skill level 1 in Shields
  2180 | D:2      | Reached XP level 4. HP: 28/28 MP: 4/4
  2260 | D:2      | Found an opulent altar of Gozag.
  2580 | D:2      | Noticed Terence
  2596 | D:2      | Slain by Terence

Illustrated notes

Levels and vault maps discovered:
D:1:      ebering_hopf_link, layout_basic
D:2:      layout_basic, general_overflow_altar, nicolae_overflow_hidden_temple,
          nicolae_gozag_cash_rules_everything_around_me,
          nicolae_ru_path_of_blood, uniq_terence, uniq_jessica
D:3:      layout_loops_corners, nicolae_ashenzari_panopticon,
          chequers_ecumenical_altar_island, uniq_sigmund

Skill      XL: |  1  2  3 |
---------------+----------+-----
Dodging        | 2 |  2.4
Long Blades    | 3 |  3.3
Shields        | 1 |  1.2
Fighting       | |  3.7
Armour         | |  2.6

Action                   |  1- 3 |  4- 6 || total
-------------------------+-------+-------++-------
Melee: Falchion          |   140 |    39 ||   179
Invok: Berserk           |       |     1 ||     1
  Use: Scroll            |       |     6 ||     6
Armor: Animal skin       |    43 |    14 ||    57
Dodge: Dodged            |    94 |    31 ||   125
Block: Buckler           |    20 |    14 ||    34
       Rpst.: Falchion   |    36 |    14 ||    50

Table legend: (Time is in decaauts)
 A = Elapsed time spent in this place.
 B = Non-inter-level travel time spent in this place.
 C = Inter-level travel time spent in this place.
 D = Time resting spent in this place.
 E = Time spent auto-exploring this place.
 F = Levels seen in this place.
 G = Mean time per level.
                   A        B        C        D        E       F      G
               +--------+--------+--------+--------+--------+-----+--------+
         Total |   2629 |   2566 |     63 |    741 |   1437 |   3 |  876.3 |
       Dungeon |   2629 |   2566 |     63 |    741 |   1437 |   3 |  876.3 |
               +--------+--------+--------+--------+--------+-----+--------+

Top non-repeatable levels by time:
     D:1: 1340 daAuts
     D:2: 1164 daAuts
     D:3: 123 daAuts
